 Dungeon Crawl Stone Soup version 0.30-b1-6-gad0e9d6a2d (webtiles) character file.

Game seed: 18394516284970621716

280 Gabide the Trooper (level 6, 0/49 HPs)
             Began as a Mummy Monk on May 5, 2023.
             Killed from afar by an orc wizard (1 damage)
             ... with a magic dart
             ... on level 4 of the Dungeon.
             The game lasted 00:03:33 (2781 turns).

Gabide the Trooper (Mummy Monk)                     Turns: 2781, Time: 00:03:33

Health: 0/49       AC:  6    Str: 15    XL:     6   Next: 5%
Magic:  6/6        EV: 12    Int:  9    God:
Gold:   142        SH:  0    Dex: 16    Spells: 5/5 levels left

rFire   x . .        a - +2 falchion
rCold   + . .        c - orb {light}
rNeg    + + +        g - +0 ring mail
rPois   ∞            (no helmet)
rElec   .            (no cloak)
rCorr   .            (no gloves)
SInv    .            h - +0 pair of boots
Will    .....        (no amulet)
Stlth   +            (no ring)
HPRegen 0.28/turn    (no ring)
MPRegen 0.10/turn

%: faith
@: glowing
A: cold resistance 1, negative energy resistance 3, torment resistance 2, heat
vulnerability 1, in touch with death 1, no potions, faith
a: no special abilities


You were on level 4 of the Dungeon.
You visited 1 branch of the dungeon, and saw 4 of its levels.

You collected 142 gold pieces.

Inventory:

Hand Weapons
 a - a +2 falchion (weapon)
Armour
 c - an orb of light (worn)
 g - a +0 ring mail (worn)
 h - a +0 pair of boots (worn)
Scrolls
 d - a scroll of butterflies
 f - 2 scrolls of identify


   Skills:
 + Level 4.6 Fighting
 + Level 3.7 Long Blades
 + Level 3.8 Dodging


You had 5 spell levels left.
You didn't know any spells.
Your spell library contained the following spells:

 Spells                   Type           Power      Damage    Failure   Level
 Cigotuvi's Dreadful Rot  Necr/Pois/Air  0%         N/A       77%         2
 Ignite Poison            Fire/Tmut/Pois 0%         N/A       94%         3
 Freezing Cloud           Conj/Ice/Air   0%         6-21      100%        5
 Summon Hydra             Summ           0%         N/A       100%        7
 Sublimation of Blood     Necr           Unusable   N/A       N/A         2
 Wereblood                Tmut           Unusable   N/A       N/A         2

Dungeon Overview and Level Annotations

Branches:
Dungeon (4/15)
 Temple: D:4-7

Altars:
Sif Muna


Innate Abilities, Weirdness & Mutations

You are immune to poison.
Your flesh is cold resistant. (rC+)
You are immune to negative energy. (rN+++)
You are immune to unholy pain and torment.
You are vulnerable to heat. (rF-)
You are in touch with the powers of death.
You do not drink.
You have a special connection with the divine. (Faith)


Message History

The throwing net hits the orc priest.
The orc priest is caught in the net!
The orc priest struggles against the net.
The orc priest hits you with a +0 flail.
Unknown command.
You can't drink.
Okay, then.
Okay, then.
Unknown command.
You hit the orc priest.
The orc priest is almost dead.
The orc priest struggles against the net.
The orc priest hits you with a +0 flail!
* * * LOW HITPOINT WARNING * * *
You barely miss the orc priest.
The orc priest is almost dead.
The orc priest calls upon Beogh to heal the orc priest.
The orc priest is healed somewhat.
The orc priest struggles against the net.
The orc priest hits you with a +0 flail.
* * * LOW HITPOINT WARNING * * *
You hit the orc priest.
The orc priest is almost dead.
The orc priest hits you with a +0 flail.
* * * LOW HITPOINT WARNING * * *
You slash the orc priest!
You kill the orc priest!
The orc priest calls upon Beogh to heal the orc.
The orc's wounds heal themselves!
The orc priest struggles against the net.
The orc hits you from afar with a +0 trident.
* * * LOW HITPOINT WARNING * * *
The orc wizard completely misses you.
You have reached level 6!
You can't drink.
The air fills with toxic fumes!
As you read the scroll of poison, it crumbles to dust.
The orc closely misses you.
The orc wizard points at you and mumbles some strange words.
The magic dart hits you.
You die...

########.##...#.##
# #.##..##.# #
#.###.##.# .
#.###.##.# ## .#
#........# .. .
#####.#### .#
##.## .#
#§§§####o###§§.
#.#§§§@oo§§§§§.
#§§§####r#§§§§.
##### .# .§. .# .
.. ##


You could see an orc priest (caught), an orc wizard (invisible), an orc and a
quokka.

Vanquished Creatures
  A scorpion (D:4)
  A hound (D:4)
  An orc priest (D:4)
  An iguana (D:4)
  An orc wizard (D:2)
  2 adders (D:2)
  A worm (D:2)
  3 dart slugs
  8 orcs
  8 bats
  5 endoplasms
  A giant cockroach (D:1)
  2 goblins (D:1)
  6 hobgoblins
  8 jackals
  4 quokkas
  5 ball pythons
  2 frilled lizards
  7 kobolds
  3 rats
70 creatures vanquished.

Notes
Turn   | Place    | Note
-------+----------+-------------------------------------------
     0 | D:1      | Gabide the Mummy Monk began the quest for the Orb.
     0 | D:1      | Reached XP level 1. HP: 18/18 MP: 1/1
   352 | D:1      | Reached XP level 2. HP: 24/24 MP: 2/2
   868 | D:1      | Gained mutation: You are in touch with the powers of death.
                  | [Mummy growth]
   868 | D:1      | Reached XP level 3. HP: 29/29 MP: 3/3
  1558 | D:2      | Reached XP level 4. HP: 37/37 MP: 4/4
  1593 | D:2      | Found a shimmering blue altar of Sif Muna.
  1992 | D:3      | Found a faded altar of an unknown god.
  2038 | D:3      | Reached skill level 4 in Fighting
  2449 | D:4      | Noticed a scorpion
  2460 | D:4      | Killed a scorpion
  2461 | D:4      | Reached XP level 5. HP: 31/42 MP: 5/5
  2780 | D:4      | HP: 1/43 [orc/+0 trident (2)]
  2781 | D:4      | Reached XP level 6. HP: 1/49 MP: 6/6
  2781 | D:4      | Killed from afar by an orc wizard

Illustrated notes

Levels and vault maps discovered:
D:1:      sevenhm_arrival_forest_fort_small_5, layout_loops_corners, minivault_5
D:2:      layout_rooms, basic_altar, kennysheep_generic_room_10
D:3:      layout_rooms, shapermc_ecumenical_altar_venn,
          kennysheep_generic_room_3
D:4:      mumra_celtic_spiral_tile, layout_loops_corners, minitemple,
          serial_park_tiny_1, dk_noncrumbling_3, hangedman_feature_mirror

Skill      XL: |  1  2  3  4 |
---------------+-------------+-----
Dodging        | 3 |  3.8
Long Blades    | 3 |  3.7
Fighting       | 4 |  4.6

Action                     |  1- 3 |  4- 6 || total
---------------------------+-------+-------++-------
  Melee: Falchion          |   106 |   108 ||   214
  Throw: Throwing net      |       |     1 ||     1
    Use: Scroll            |       |     7 ||     7
 Armour: Robe              |    16 |     2 ||    18
         Ring mail         |       |    26 ||    26
  Dodge: Dodged            |    83 |    82 ||   165
